Map: Frozen Temple

Players

Grimley - Winner!

  • Race: Zerg Zerg
  • League: Diamond

A.I. 2 (Harder)

  • Race: Terran Terran

VOD

Have the link to the VOD?

Description

Time

  • Played on: Aug. 27, 2016, 9:09 p.m.
  • Length: 12:56
Show
View Real Time Build Order
Export as new Build Order

Grimley Zerg - Winner!

Build Orders: Hatch First 

Get SALT Encoding   

  12  0:01  Drone  
  13  0:12  Overlord  
  13  0:17  Drone  
  14  0:31  Drone x2  
  14  0:35  Drone  
  17  0:54  Hatchery  
  17  0:57  Drone  
  17  1:00  Drone  
  17  1:02  Extractor  
  17  1:17  Spawning Pool  
  16  1:19  Drone  
  16  1:24  Drone  
  18  1:28  Drone  
  19  1:39  Overlord  
  19  1:49  Drone  
  20  2:04  Metabolic Boost  
  20  2:05  Queen  
  20  2:06  Queen  
  24  2:10  Zergling x2  
  24  2:12  Zergling x2  
  24  2:15  Drone  
  27  2:17  Drone  
  27  2:22  Drone  
  29  2:27  Drone  
  30  2:32  Drone  
  31  2:40  Overlord  
  31  2:41  Queen  
  33  2:48  Pneumatized Carapace  
  33  2:51  Drone  
  34  2:52  Drone  
  34  2:54  Drone  
  36  3:03  Drone  
  36  3:04  Drone  
  38  3:11  Drone  
  39  3:13  Drone  
  39  3:14  Drone  
  41  3:30  Drone x2, Overlord, Hatchery  
  42  3:37  Lair  
  42  3:46  Drone x2  
  42  3:47  Overlord  
  42  3:57  Roach Warren  
  42  4:00  Extractor  
  42  4:02  Drone  
  41  4:03  Drone x3  
  44  4:17  Evolution Chamber  
  44  4:18  Drone x4, Evolution Chamber  
  46  4:32  Drone x2  
  46  4:33  Drone x3  
  46  4:37  Glial Reconstitution  
  51  4:38  Overseer  
  51  4:41  Extractor, Queen  
  51  4:42  Extractor  
  51  4:44  Drone x5  
  56  4:52  Zergling x6  
  59  5:05  Drone  
  59  5:06  Drone x3  
  59  5:07  Drone x2  
  65  5:09  Zerg Missile Weapons Level 1  
  65  5:10  Overlord  
  65  5:14  Zerg Ground Armor Level 1  
  65  5:17  Drone  
  65  5:19  Overlord  
  66  5:31  Drone  
  66  5:32  Drone x6  
  66  5:34  Overlord  
  66  5:35  Extractor  
  72  5:46  Extractor  
  70  5:54  Drone x2  
  70  5:55  Drone x4  
  70  5:56  Overlord  
  76  5:57  Roach x4  
  84  6:12  Roach x2  
  84  6:14  Overlord x4  
  88  6:26  Roach x4  
  88  6:31  Hatchery  
  95  6:41  Roach  
  95  6:43  Roach x9  
  115  6:48  Overseer  
  115  7:06  Zerg Missile Weapons Level 2  
  115  7:09  Zerg Ground Armor Level 2  
  115  7:11  Ravager x2  
  115  7:12  Ravager x7  
  123  7:20  Infestation Pit  
  123  7:21  Roach x3  
  127  7:31  Roach  
  127  7:33  Overlord x2  
  129  7:45  Overlord  
  129  7:46  Overlord  
  129  7:50  Roach x3  
  151  7:51  Roach x8  
  151  8:08  Roach  
  151  8:09  Roach x7  
  151  8:10  Overlord x3  
  151  8:11  Overlord  
  167  8:13  Hive  
  167  8:18  Overseer  
  165  8:38  Roach  
  165  8:39  Roach x14  
  165  8:41  Roach x2  
  170  9:08  Queen  
  170  9:09  Drone x3  
  176  9:10  Drone x4  
  176  9:11  Overlord x2  
Show
View Real Time Build Order
Export as new Build Order

A.I. 2 (Harder) Terran 

Build Orders: MMM Bio 

Get SALT Encoding   

  12  0:00  SCV  
  13  0:13  SCV  
  14  0:19  Supply Depot  
  14  0:25  SCV  
  15  0:41  SCV  
  16  0:42  Barracks  
  16  0:53  SCV  
  17  1:05  SCV  
  18  1:19  Command Center  
  18  1:30  Orbital Command, Marine  
  19  1:40  Supply Depot  
  19  1:46  Refinery  
  19  1:48  Marine  
  20  1:56  SCV  
  21  2:01  Barracks  
  21  2:08  SCV  
  21  2:09  Refinery  
  22  2:21  SCV, Barracks Tech Lab  
  23  2:33  SCV  
  24  2:39  Marine  
  25  2:46  SCV  
  25  2:48  Marine  
  27  2:52  Refinery  
  27  2:56  SCV  
  27  2:58  SCV, Marine  
  30  3:07  Barracks Tech Lab  
  30  3:08  SCV  
  30  3:10  SCV  
  32  3:16  Marauder  
  34  3:20  SCV  
  34  3:22  Factory  
  34  3:23  SCV  
  34  3:26  Marauder  
  38  3:32  SCV  
  38  3:35  Factory  
  38  3:36  SCV  
  39  4:03  Marine  
  40  4:10  Starport  
  40  4:11  Supply Depot  
  40  4:14  Factory Tech Lab, Starport  
  40  4:15  Marauder  
  42  4:19  Factory Tech Lab  
  42  4:25  Marauder  
  44  4:38  Ghost Academy  
  44  4:45  Starport Tech Lab  
  44  4:49  Supply Depot  
  44  4:50  Medivac  
  44  4:51  SCV  
  47  4:53  SCV  
  48  5:00  Stimpack  
  48  5:03  SCV  
  48  5:05  SCV  
  50  5:10  Ghost, Combat Shields  
  52  5:15  SCV  
  52  5:17  SCV  
  52  5:21  Starport Tech Lab  
  54  5:24  Engineering Bay  
  54  5:27  SCV  
  55  5:29  SCV  
  55  5:34  Supply Depot  
  56  5:39  SCV, Marine  
  56  5:42  SCV  
  59  5:49  Terran Infantry Armor Level 1, Marine  
  60  5:52  SCV  
  60  5:56  SCV  
  61  5:59  Marine  
  61  6:00  Supply Depot  
  61  6:04  SCV  
  63  6:08  SCV  
  63  6:09  Marine  
  65  6:19  Refinery, Marine  
  65  6:21  SCV  
  65  6:24  SCV, Supply Depot  
  68  6:29  Concussive Shells, Marine  
  69  6:33  SCV  
  69  6:39  Marauder  
  72  6:45  SCV, Medivac  
  72  6:46  SCV, Medivac  
  78  6:49  Marauder  
  78  6:50  Supply Depot  
  80  6:56  Missile Turret  
  80  6:59  SCV x2  
  80  7:00  Missile Turret  
  80  7:01  Marauder  
  84  7:06  Missile Turret  
  84  7:11  SCV, Marauder  
  84  7:15  Raven  
  87  7:16  Missile Turret, Raven  
  87  7:17  Supply Depot  
  87  7:21  Ghost  
  87  7:22  Sensor Tower  
  93  7:23  Bunker  
  93  7:26  Armory  
  93  7:32  Barracks  
  93  7:35  Bunker  
  93  7:41  Supply Depot  
  93  7:43  Terran Infantry Weapons Level 1  
  92  8:19  Barracks Reactor  
  92  8:33  Marine  
  81  8:43  Marine  
  81  8:44  Medivac  
  81  8:46  Viking  
  81  8:47  Hellion x2  
  70  8:49  Supply Depot  
  68  8:57  Marauder  
  70  9:08  Hellion  
  69  9:10  Hellion  
  69  9:14  Viking  
  55  9:20  Viking  
  43  9:33  Marine  
  31  9:46  Marine  
  22  9:59  Marine  
  15  10:04  SCV  
Tags
 
Composition
MMM Bio
League
Diamond
Matchup
TvZ
Add a new tag
Caveats
  • Supply blocks, unpowered buildings, or Contaminate may cause inaccurate times.
  • Supply counts are checked every 10 seconds.